 Dungeon Crawl Stone Soup version 0.30.0-13-g156ef70053 (webtiles) character file.

Game seed: 13188230090377486704

32685 apoch the Severer (level 13, -2/119 HPs)
             Began as a Minotaur Fighter on May 17, 2023.
             Was a High Priest of Cheibriados.
             Killed from afar by a frost giant (28 damage)
             ... with a bolt of cold
             ... in an ice cave.
             The game lasted 00:29:29 (17447 turns).

apoch the Severer (Minotaur Fighter)               Turns: 17447, Time: 00:29:29

Health: -2/119     AC: 16    Str: 42    XL:     13   Next: 32%
Magic:  10/19      EV: 18    Int: 24    God:    Cheibriados [*****.]
Gold:   777        SH:  8    Dex: 29    Spells: 12/12 levels left

rFire   + . .        a - +1 war axe
rCold   . . .        c - +1 buckler
rNeg    . . .        O - +0 plate armour {rF+}
rPois   .            (helmet restricted)
rElec   .            w - scarf {+Inv}
rCorr   .            Q - +1 pair of gloves {Dex+3}
SInv    .            (no boots)
Will    +....        (no amulet) Stlth
                     S - ring "Samejuaz" {Str+3 Int+6 Dex+3}
HPRegen 0.39/turn    z - ring of willpower
MPRegen 0.16/turn

%: no passive effects
@: very slow
A: horns 2, retaliatory headbutt
a: Renounce Religion, Evoke Invisibility, Bend Time, Temporal Distortion,
Slouch, Step From Time


You were in an ice cave.
You worshipped Cheibriados.
Cheibriados was extremely pleased with you.
You visited 3 branches of the dungeon, and saw 15 of its levels.
You also visited: Ice Cave.

You collected 777 gold pieces.

Inventory:

Hand Weapons
 a - a +1 war axe (weapon)
 b - the +9 flail of Honour {venom, Dex+2}
   (You found it on level 9 of the Dungeon)

   Dex:       It affects your dexterity (+2).
 l - a +0 heavy flail
 q - a +3 dire flail of protection
 v - a +0 morningstar
 M - a +0 war axe
Missiles
 r - 8 poisoned darts (quivered)
 P - 6 boomerangs
 R - 22 stones
Armour
 c - a +1 buckler (worn)
 h - the +0 plate armour of Inference {*Slow rPois rF+}
   (You took it off an orc warrior on level 8 of the Dungeon)

   rF:        It protects you from fire.
   rPois:     It protects you from poison.
   *Slow:     It may slow you when you take damage.
 k - a +0 cloak
 m - a +2 pair of gloves
 t - a +0 chain mail
 w - a scarf of invisibility (worn)
 O - a +0 plate armour of fire resistance (worn)
 Q - a +1 pair of gloves of dexterity (worn)
Jewellery
 y - a ring of positive energy
 z - a ring of willpower (right hand)
 S - the ring "Samejuaz" (left hand) {Str+3 Int+6 Dex+3}
   (You found it on level 1 of the Lair of Beasts)

   [ring of intelligence]

   Str:       It affects your strength (+3).
   Int:       It affects your intelligence (+6).
   Dex:       It affects your dexterity (+3).
Wands
 u - a wand of iceblast (23)
 H - a wand of flame (20)
 K - a wand of polymorph (9)
 N - a wand of mindburst (1)
 T - a wand of paralysis (4)
Scrolls
 g - 7 scrolls of teleportation
 j - 3 scrolls of fog
 n - a scroll of magic mapping
 p - 2 scrolls of vulnerability
 s - 5 scrolls of amnesia
 x - 2 scrolls of poison
 A - 2 scrolls of enchant weapon
 I - a scroll of torment
 J - 2 scrolls of enchant armour
Potions
 d - 5 potions of might
 e - 4 potions of lignification
 f - 2 potions of resistance {unknown}
 i - 8 potions of curing
 o - 3 potions of mutation
 B - 2 potions of brilliance
 C - 3 potions of magic
 D - 2 potions of ambrosia
 E - a potion of haste
 F - 2 potions of cancellation
 G - a potion of berserk rage {unknown}
 L - a potion of flight {unknown}


   Skills:
 + Level 12.5 Fighting
 - Level 15.0 Axes
 + Level 6.3 Throwing
 - Level 10.0 Armour
 - Level 10.0 Dodging
 - Level 3.6 Shields
 - Level 10.0 Invocations


You had 12 spell levels left.
You didn't know any spells.
Your spell library contained the following spells:

 Spells                   Type           Power      Damage    Failure   Level
 Sting                    Tmut/Pois      0%         1d3       56%         1
 Lesser Beckoning         Tloc           0%         N/A       71%         2
 Poisonous Vapours        Pois/Air       0%         N/A       71%         2
 Gell's Gravitas          Tloc           0%         N/A       90%         3
 Teleport Other           Tloc           0%         N/A       90%         3
 Tukima's Dance           Hex            0%         N/A       90%         3
 Animate Dead             Necr           0%         N/A       100%        4
 Cause Fear               Hex            0%         N/A       100%        4
 Olgreb's Toxic Radiance  Pois           0%         N/A       100%        4
 Passage of Golubria      Tloc           0%         N/A       100%        4
 Summon Lightning Spire   Summ/Air       0%         N/A       100%        4
 Yara's Violent Unravell  Hex/Tmut       0%         3d3       100%        5
 Dragon Form              Tmut           0%         N/A       100%        7
 Haunt                    Necr/Summ      0%         N/A       100%        7
 Storm Form               Tmut/Air       0%         N/A       100%        7
 Infestation              Necr           0%         N/A       100%        8
 Maxwell's Capacitive Co  Air            0%         ∞         100%        8
 Dragon's Call            Summ           0%         N/A       100%        9


Dungeon Overview and Level Annotations

Branches:
Dungeon (11/15)            Temple (1/1) D:4            Lair (3/5) D:11
 Shoals (0/4) Lair:3       Spider (0/4) Lair:3          Orc (0/2) D:11
  IceCv (1/1)

Altars:
Ashenzari
Cheibriados
Dithmenos
Elyvilon
Fedhas
Gozag
Hepliaklqana
Kikubaaqudgha
Makhleb
Nemelex Xobeh
Okawaru
Qazlal
Ru
Sif Muna
Trog
Uskayaw
Vehumet
Wu Jian
Xom
Yredelemnul
Zin
The Shining One


Innate Abilities, Weirdness & Mutations

You have a pair of horns on your head.
You reflexively headbutt those who attack you in melee.


Message History

The yak is heavily wounded.
Throw: 9 darts (poison)
Press: ? - help, Q - select action, (/) - cycle Shift-Dir - straight line, f/p - yak
Aim: a yak (heavily wounded, very poisoned, 81% to hit)
You throw a poisoned dart. The poisoned dart hits the wolf.
The wolf is poisoned.
You hit the wolf but do no damage. The wolf closely misses you.
You furiously retaliate!
You headbutt the wolf! You barely miss the wolf. Your headbutt misses the wolf.
The wolf is moderately wounded.
The wolf bites you! The wolf bites you.
You miss the wolf. Your headbutt misses the wolf.
The wolf is moderately wounded.
The ice encasing you melts away.
Activating: Slouch (1% risk of failure)
Press: ? - help, Dir - look around, f - activate You can feel time thicken for a moment.
You kill the yak!
Cheibriados appreciates the change of pace.
You kill the wolf!
Cheibriados thoroughly appreciates the change of pace.
Cheibriados lowers the support of your attributes as your movement quickens.
You hit the frost giant but do no damage.
Your headbutt misses the frost giant.
The frost giant is moderately wounded.
The frost giant hits you with a +1 battleaxe of freezing!!
* * * LOW HITPOINT WARNING * * *
The frost giant freezes you!
* * * LOW HITPOINT WARNING * * *
You slash the frost giant!
The frost giant is heavily wounded.
The frost giant casts a spell at you. The bolt of cold misses you.
You slash the frost giant!
The frost giant is heavily wounded.
You hit the frost giant.
The frost giant is heavily wounded.
The frost giant casts a spell at you. The bolt of cold hits you!!
You die...

# .. ... ###### ....
###....### # .....
###...#....#######
#(.h#....####.....#..÷
#YC@#### ####...÷..
##### #######


You could see a frost giant, a death yak and a polar bear.

Vanquished Creatures
  2 centaur warriors (D:10)
  6 death yaks (IceCv)
  3 two-headed ogres
  Nergalle (Lair:1)
  The ghost of TheFallenCrow the Grappler, a novice TrBe of Trog (D:8)
  An orange crystal statue (D:9)
  A cyclops (D:11)
  A black mamba (Lair:2)
  Joseph (Lair:1)
  An ice statue (IceCv)
  5 elephants (Lair:1)
  2 gargoyles (D:10)
  A cane toad (Lair:1)
  5 rime drakes
  A kobold demonologist (D:10)
  3 komodo dragons
  3 trolls
  2 ice devils (Lair:3)
  3 polar bears (IceCv)
  A hornet (D:8)
  10 blink frogs (Lair:2)
  36 yaks
  A wraith (D:10)
  3 wyverns
  2 steam dragons (D:10)
  2 vampire mosquitoes (D:11)
  2 basilisks (Lair:2)
  A warg (D:8)
  7 water moccasins
  2 acid dragons (D:10)
  Edmund (D:5)
  6 orc warriors
  An ice beast (D:8)
  3 sky beasts
  An ogre (D:5)
  2 black bears
  8 wolves (IceCv)
  A centaur (D:11)
  4 phantoms
  Blork the orc (D:6)
  2 kobold brigands
  6 bullfrogs
  A gnoll sergeant (D:11)
  3 scorpions
  7 wights
  2 troll zombies (D:11)
  37 killer bees
  3 electric eels (D:11)
  5 howler monkeys
  A bullfrog zombie (D:5)
  2 centaur zombies (D:5)
  8 hounds
  3 jellies
  A bullfrog skeleton (D:5)
  12 orc priests
  A sleepcap (D:7)
  Natasha (D:2)
  7 iguanas
  10 orc wizards
  A scorpion zombie (D:5)
  6 ogre zombies (D:11)
  A hound zombie (D:5)
  A howler monkey zombie (D:5)
  8 gnolls
  8 adders
  3 white imps
  3 ufetubi
  2 worms
  A dart slug (D:2)
  36 orcs
  3 ball pythons
  4 bats
  6 endoplasms
  2 giant cockroaches (D:3)
  9 goblins
  10 hobgoblins
  9 jackals
  13 kobolds
  6 quokkas
  A frilled lizard (D:1)
  2 goblin skeletons (D:11)
  5 goblin zombies (D:11)
  2 orc skeletons (D:11)
  16 orc zombies (D:11)
  7 rats
415 creatures vanquished.

Vanquished Creatures (others)
  A rime drake (IceCv)
1 creature vanquished.

Grand Total: 416 creatures vanquished

Notes
Turn   | Place    | Note
-------+----------+-------------------------------------------
     0 | D:1      | apoch the Minotaur Fighter began the quest for the Orb.
     0 | D:1      | Reached XP level 1. HP: 19/19 MP: 0/0
   124 | D:1      | Reached skill level 3 in Axes
   184 | D:1      | Reached XP level 2. HP: 26/26 MP: 1/1
   260 | D:1      | Found a faded altar of an unknown god.
   715 | D:1      | Reached skill level 4 in Axes
  1056 | D:2      | Reached XP level 3. HP: 29/31 MP: 2/2
  1518 | D:2      | Found a stormy altar of Qazlal.
  1912 | D:2      | Noticed Natasha
  1921 | D:2      | Killed Natasha
  1922 | D:2      | Reached skill level 5 in Axes
  1922 | D:2      | Reached XP level 4. HP: 22/39 MP: 3/3
  3011 | D:3      | Reached skill level 6 in Axes
  3128 | D:3      | Reached XP level 5. HP: 41/45 MP: 4/4
  3591 | D:4      | Noticed a sky beast
  3606 | D:4      | Killed a sky beast
  3607 | D:4      | Reached skill level 7 in Axes
  3909 | D:4      | Reached skill level 8 in Axes
  3909 | D:4      | Reached XP level 6. HP: 47/51 MP: 5/5
  3931 | D:4      | Found a staircase to the Ecumenical Temple.
  3977 | Temple   | Entered the Ecumenical Temple
  4200 | Temple   | Became a worshipper of Cheibriados the Contemplative
  4676 | D:5      | Entered Level 5 of the Dungeon
  4680 | D:5      | Identified the +0 robe of the Shoals {Regen+}
  4712 | D:5      | Reached skill level 9 in Axes
  4839 | D:5      | Reached XP level 7. HP: 43/57 MP: 6/6
  4879 | D:5      | Reached skill level 10 in Axes
  4992 | D:5      | Identified the +2 leather armour of the Merchant {rElec
                  | MP-9 Str+3 Int+3}
  5017 | D:5      | Reached skill level 5 in Fighting
  5022 | D:5      | Reached * piety under Cheibriados
  5155 | D:5      | Reached XP level 8. HP: 71/71 MP: 7/7
  5367 | D:5      | Noticed Edmund
  5373 | D:5      | Killed Edmund
  6147 | D:6      | Reached ** piety under Cheibriados
  6208 | D:6      | Noticed Blork the orc
  6216 | D:6      | Killed Blork the orc
  6217 | D:6      | Reached skill level 10 in Fighting
  6251 | D:6      | Found a faded altar of an unknown god.
  6251 | D:6      | Found a radiant altar of Vehumet.
  6271 | D:6      | Found a faded altar of an unknown god.
  6274 | D:6      | Found a stormy altar of Qazlal.
  6276 | D:6      | Found an opulent altar of Gozag.
  6707 | D:6      | Reached skill level 5 in Armour
  6876 | D:7      | Reached XP level 9. HP: 85/85 MP: 8/8
  6905 | D:7      | Found a shimmering altar of Xom.
  6907 | D:7      | Found a sacrificial altar of Ru.
  7875 | D:8      | Reached *** piety under Cheibriados
  8157 | D:8      | Found a runed translucent gate.
  8157 | D:8      | Found a runed translucent gate.
  8157 | D:8      | Found a runed translucent gate.
  8157 | D:8      | Noticed TheFallenCrow's ghost (novice TrBe)
  8226 | D:8      | Reached skill level 10 in Armour
  8240 | D:8      | Reached skill level 1 in Dodging
  8397 | D:8      | Reached **** piety under Cheibriados
  8494 | D:8      | Noticed a troll
  8552 | D:8      | Reached skill level 5 in Dodging
  8699 | D:8      | Found a glowing silver altar of Zin.
  8821 | D:8      | Reached XP level 10. HP: 93/93 MP: 9/9
  8902 | D:8      | Identified the +0 plate armour of Inference {*Slow rPois
                  | rF+}
  9145 | D:8      | Noticed an elephant
  9198 | D:8      | Reached ***** piety under Cheibriados
  9657 | D:9      | Identified the +9 flail of Honour {venom, Dex+2}
 10159 | D:9      | Noticed an orange crystal statue
 10194 | D:9      | Killed an orange crystal statue
 10195 | D:9      | Reached skill level 10 in Dodging
 10679 | D:10     | Entered Level 10 of the Dungeon
 10788 | D:10     | Reached skill level 1 in Invocations
 10905 | D:10     | Found an iron altar of Okawaru.
 11011 | D:10     | Noticed a gargoyle
 11026 | D:10     | Killed a gargoyle
 11027 | D:10     | Reached skill level 11 in Axes
 11027 | D:10     | Reached XP level 11. HP: 45/99 MP: 11/11
 11609 | D:10     | Noticed a centaur warrior
 11614 | D:10     | Noticed a two-headed ogre
 11621 | D:10     | Killed a centaur warrior
 11625 | D:10     | Killed a two-headed ogre
 11633 | D:10     | Reached skill level 12 in Axes
 11636 | D:10     | Reached skill level 5 in Invocations
 11647 | D:10     | HP: 4/99 [poisoned by an orange demon]
 11997 | D:10     | Noticed a centaur warrior
 12001 | D:10     | Killed a centaur warrior
 12364 | D:8      | Killed TheFallenCrow's ghost
 12369 | D:8      | Reached skill level 13 in Axes
 13432 | D:11     | Reached ****** piety under Cheibriados
 13442 | D:11     | Reached XP level 12. HP: 106/106 MP: 16/16
 13473 | D:11     | Found a staircase to the Orcish Mines.
 13587 | D:11     | Noticed a two-headed ogre
 13589 | D:11     | Killed a two-headed ogre
 13714 | D:11     | Reached skill level 14 in Axes
 13829 | D:11     | Found a staircase to the Lair.
 13910 | D:11     | Noticed a two-headed ogre
 13918 | D:11     | Killed a two-headed ogre
 14142 | Lair:1   | Entered Level 1 of the Lair of Beasts
 14191 | Lair:1   | Identified the ring "Samejuaz" {Str+3 Int+6 Dex+3}
 14450 | Lair:1   | Noticed Nergalle
 14455 | Lair:1   | Killed Nergalle
 14721 | Lair:1   | Noticed Joseph
 14740 | Lair:1   | Killed Joseph
 14741 | Lair:1   | Reached skill level 15 in Axes
 15430 | Lair:2   | Reached skill level 10 in Invocations
 15436 | Lair:2   | Reached skill level 1 in Throwing
 15804 | Lair:2   | Found a sparkling altar of Nemelex Xobeh.
 16686 | Lair:3   | Found a staircase to the Shoals.
 16703 | Lair:3   | Found a frozen archway.
 16798 | IceCv    | Entered an ice cave
 16830 | IceCv    | Noticed a death yak
 16832 | IceCv    | Noticed a death yak
 16844 | IceCv    | Reached XP level 13. HP: 96/116 MP: 13/19
 16853 | IceCv    | Reached skill level 5 in Throwing
 17435 | IceCv    | Noticed a frost giant
 17447 | IceCv    | Killed from afar by a frost giant

Illustrated notes

Levels and vault maps discovered:
D:1:      lightli_arrival_flooded_house, layout_loops_ring, serial_glass,
          glass_columns_a, glass_columns_a, ebering_ecumenical_altar_mist
D:2:      minmay_kobold_bridge, layout_basic, basic_altar, serial_glass,
          glass_columns_b, glass_columns_b, glass_columns_b, glass_columns_a,
          glass_columns_c, glass_columns_a, glass_columns_b, glass_columns_a,
          glass_columns_a, glass_columns_a, roderic_lattice_a, uniq_natasha
D:3:      minmay_inner_zag, layout_basic, chequers_serial_rivers_micro_d,
          chequers_serial_rivers_micro_e
D:4:      layout_cave_pools, minmay_temple_entry_statues_fountains,
          serial_column_ruins, column_ruins_square_huge,
          column_ruins_square_small, column_ruins_corridor_straight,
          column_ruins_columns_plus, column_ruins_columns_straight,
          column_ruins_columns_corner, column_ruins_corridor_straight,
          column_ruins_columns_water, chequers_big_river
D:5:      layout_basic, serial_undead, serial_undead_d, serial_undead_f,
          serial_undead_e, serial_undead_b, uniq_edmund
D:6:      layout_basic, chequers_temple_overflow_minitemple, uniq_blork_the_orc
D:7:      layout_basic, chequers_temple_overflow_statue_of_worship,
          dk_vineyard_2
D:8:      wad_woods_minihive, layout_basic, mainiacjoe_overflow_tiny_flanked,
          biasface_ghost_orc_armoury, st_stairs_6
D:9:      layout_loops_ring, minivault_16
D:10:     layout_stronghold, okawaru_trees_2, kennysheep_kite_vault
D:11:     wad_pebble_path, layout_basic, david_lair_shrubbed, zombieorc2_lemuel
Temple:   nicolae_temple_bog_church
Lair:1:   layout_gridlike, uniq_nergalle, uniq_joseph
Lair:2:   layout_layer_cave, basic_altar
Lair:3:   layout_cave_pods, shoals_dummy_entry, spider_nest_entry_webs,
          portal_ice_cave_demonic_guard, grunt_forest_small_clearing_treed
IceCv:    ice_cave_small_giant

Skill      XL: |  1  2  3  4  5  6  7  8  9 10 11 12 13 |
---------------+----------------------------------------+-----
Axes           | 3 4 5 6 8 9 10 11 13 15 | 15.0
Fighting       | 6 10 11 12 | 12.5
Armour         | 5 10 | 10.0
Dodging        | 5 10 | 10.0
Invocations    | 2 7 10 | 10.0
Throwing       | 4 6 |  6.3
Shields        | |  3.6

Action                     |  1- 3 |  4- 6 |  7- 9 | 10-12 | 13-15 || total
---------------------------+-------+-------+-------+-------+-------++-------
  Melee: War axe           |    80 |   125 |   237 |   516 |    63 ||  1021
         Headbutt          |     5 |    13 |    35 |   131 |    17 ||   201
  Throw: Stone             |    16 |    27 |    37 |    22 |       ||   102
         Javelin           |       |     2 |    21 |     5 |       ||    28
         Dart              |       |       |       |   109 |     3 ||   112
 Invoke: Slouch            |       |       |       |     4 |     4 ||     8
    Use: Scroll            |     5 |     7 |     4 |     6 |       ||    22
         Potion            |       |       |       |     2 |       ||     2
   Stab: Distracted        |       |       |       |     1 |       ||     1
 Armour: Scale mail        |    34 |    54 |    12 |       |       ||   100
         Chain mail        |       |       |   109 |   113 |       ||   222
         Plate armour      |       |       |       |    30 |    13 ||    43
  Dodge: Dodged            |    27 |    46 |   131 |   339 |    31 ||   574
  Block: Buckler           |    13 |    24 |    81 |   176 |    12 ||   306
